 Dungeon Crawl Stone Soup version 0.30-a0-50-gb2d611f6b1 (webtiles) character file.

Game seed: 2409738210944740209

6099 Destapler the Basher (level 10, 0/104 HPs)
             Began as a Troll Berserker on Sept 3, 2022.
             Was an Elder of Trog.
             Slain by a vampire (9 damage)
             ... on level 10 of the Dungeon.
             The game lasted 00:22:01 (7932 turns).

Destapler the Basher (Troll Berserker)              Turns: 7932, Time: 00:22:02

Health: 0/104      AC: 10    Str: 34    XL:     10   Next: 58%
Magic:  9/9        EV: 10    Int:  3    God:    Trog [****..]
Gold:   629        SH:  0    Dex:  6    Spells: 9/9 levels left

rFire   . . .      SeeInvis .    a - +5 mace of the Spinneret {venom, Fly rElec Str+5 Dex-5}
rCold   . . .      Faith    .    (no shield)
rNeg    . . .      Spirit   .    M - +0 steam dragon scales
rPois   .          Reflect  .    G - +1 hat
rElec   +          Harm     .    n - +0 cloak
rCorr   .          Rampage  .    (gloves unavailable)
Will    ++...                    (boots unavailable)
Stlth   +.........               (no amulet)
HPRegen 2.07/turn                (no ring)
MPRegen 0.11/turn                (no ring)

@: strong-willed, on berserk cooldown, flying, regenerating, slowed, very slow
A: large, unfitting armour, claws 3, regeneration 1, shaggy fur 1, tough skin 1
a: Renounce Religion, Berserk, Trog's Hand, Brothers in Arms


You were on level 10 of the Dungeon.
You worshipped Trog.
Trog was greatly pleased with you.
You visited 1 branch of the dungeon, and saw 10 of its levels.

You collected 629 gold pieces.

Inventory:

Hand Weapons
 a - the +5 mace of the Spinneret (weapon) {venom, Fly rElec Str+5 Dex-5}
   (You took it off a gnoll on level 6 of the Dungeon)

   It poisons the flesh of those it strikes.
   Str:       It affects your strength (+5).
   Dex:       It affects your dexterity (-5).
   rElec:     It insulates you from electricity.
   Fly:       It grants you flight.
 b - a +0 giant spiked club
Missiles
 h - 11 poisoned darts (quivered)
 i - 21 stones
 H - 2 large rocks
 K - a javelin
Armour
 n - a +0 cloak (worn)
 G - a +1 hat (worn)
 M - +0 steam dragon scales (worn)
Wands
 j - a wand of acid (9)
 t - a wand of mindburst (15)
 u - a wand of flame (6)
 I - a wand of paralysis (8)
 L - a wand of polymorph (13)
Scrolls
 c - 3 scrolls of teleportation
 d - 3 scrolls of enchant armour
 f - a scroll of enchant weapon {unknown}
 l - a scroll of amnesia
 m - a scroll of magic mapping
 q - 2 scrolls of summoning {unknown}
 s - 2 scrolls of poison
 v - 4 scrolls of identify
 y - a scroll of silence {unknown}
 B - 2 scrolls of fear {unknown}
 E - a scroll of butterflies
Potions
 e - 4 potions of heal wounds {unknown}
 g - 2 potions of flight
 k - 2 potions of curing
 o - 2 potions of mutation
 p - a potion of ambrosia
 r - 3 potions of magic
 w - a potion of might {unknown}
 x - 2 potions of lignification {unknown}
 A - a potion of haste {unknown}
 C - a potion of degeneration {unknown}
 D - a potion of berserk rage {unknown}
 F - 3 potions of brilliance {unknown}
 J - a potion of attraction {unknown}


   Skills:
 + Level 7.8 Fighting
 - Level 8.0 Maces & Flails
 - Level 6.0 Throwing
 - Level 4.0 Armour
 - Level 4.0 Dodging
 - Level 0.8 Shields
 - Level 3.0 Unarmed Combat
 - Level 3.0 Evocations


You had 9 spell levels left.
You didn't know any spells.
Your spell library contained the following spells:

 Spells                   Type           Power      Damage    Failure   Level
 Frozen Ramparts          Ice            0%         1d1       88%         3
 Airstrike                Air            0%         2d(0-16)  99%         4
 Ice Form                 Ice/Tmut       0%         N/A       99%         4
 Summon Ice Beast         Ice/Summ       0%         N/A       99%         4
 Summon Lightning Spire   Summ/Air       0%         N/A       99%         4
 Lightning Bolt           Conj/Air       0%         1d11      100%        5


Dungeon Overview and Level Annotations

Branches:
Dungeon (10/15)            Temple (0/1) D:6            Lair (0/5) D:10
    Orc (0/2) D:10

Altars:
Ashenzari
Fedhas
Gozag
Ru
Trog
Xom
Yredelemnul
The Shining One

Shops:
D:1 :   D:3 [


Innate Abilities, Weirdness & Mutations

You are too large for most types of armour.
You have claws for hands.
Your natural rate of healing is unusually fast.
You are covered in fur. (AC +1)
You have tough skin. (AC +1)


Message History

The vampire bites you but does no damage.
The vampire barely misses you. The vampire bites you.
The vampire draws strength from your injuries!
You hit the vampire but do no damage.
The vampire gestures wildly while chanting.
The vampire flickers and vanishes!
Deactivating autopickup; reactivate with Ctrl-A.
You closely miss something. Something hits you.
Something bites you but does no damage. Something hits you!
Something bites you!
* * * LOW HITPOINT WARNING * * *
Something draws strength from your injuries!
You aren't carrying any pieces of jewellery.
As you read the scroll of identify, it crumbles to dust.
E - a scroll of butterflies Something hits you!
* * * LOW HITPOINT WARNING * * *
Something bites you.
* * * LOW HITPOINT WARNING * * *
Something draws strength from your injuries!
Okay, then.
You hit something but do no damage. Something hits you!
* * * LOW HITPOINT WARNING * * *
Something bites you but does no damage. Something hits you!
* * * LOW HITPOINT WARNING * * *
Something bites you!
* * * LOW HITPOINT WARNING * * *
Something draws strength from your injuries!
As you read the scroll labelled EMAINN COTWIQO, it crumbles to dust.
You feel aware of your surroundings.
You sensed 1 altar, and 1 shop/portal.
It was a scroll of magic mapping.
Something hits you but does no damage. Something bites you but does no damage.
As you read the scroll labelled RATEZY GILO, it crumbles to dust.
It is a scroll of amnesia.
You feel forgetful for a moment. Something hits you but does no damage.
Something bites you!
* * * LOW HITPOINT WARNING * * *
Something draws strength from your injuries!
Something hits you!
You die...

*,,,,,*#########,.......,,,,,#...
*,,,,_*#.......#,..⌠.._..⌠,,,#...
**######.......#,.........o,,#...
,,,............#,.....8,..oo,#...
'***#........####8'8####*8o8##...
,,,,#........##.).......,....o..#
,,..##........#........#*#,*#o...
.....'........'........###.##..#.
.....####.#####{@..........$..>..
....,,* #'#...#'####..#######..(#
,...#####.......#*###.# #..).
,,#'#.#..........,#.#'# #..<#
###...##.........##...### #..o#
#......'.........'......# #o..#
#......##.......##......# #o..#
#.......#.......#.......#####...#
'.....[.####'####......))))##[...


There were no monsters in sight!

Vanquished Creatures
  A two-headed ogre (D:10)
  Pikel (D:7)
  2 trolls
  2 wyverns (D:8)
  4 yaks (D:10)
  Menkaure (D:6)
  A steam dragon (D:9)
  Duvessa (D:4)
  3 sky beasts
  7 orc warriors (D:10)
  2 ogres
  2 centaurs
  3 bullfrogs
  2 necrophages
  4 scorpions
  Dowan (D:4)
  9 killer bees
  3 howler monkeys
  An electric eel (D:8)
  4 hounds
  2 jellies
  Crazy Yiuf (D:3)
  6 orc priests
  6 orc wizards
  8 iguanas
  4 gnolls (D:6)
  7 adders
  A shadow imp (D:7)
  3 white imps
  A worm (D:3)
  41 orcs
  5 endoplasms
  6 giant cockroaches
  5 goblins
  10 hobgoblins
  7 jackals
  2 quokkas (D:1)
  9 ball pythons
  4 bats
  2 frilled lizards
  3 kobolds
  2 rats
189 creatures vanquished.

Vanquished Creatures (others)
  An orc (D:10)
  4 fungi (D:3)
5 creatures vanquished.

Grand Total: 194 creatures vanquished

Notes
Turn   | Place    | Note
-------+----------+-------------------------------------------
     0 | D:1      | Destapler the Troll Berserker began the quest for the Orb.
     0 | D:1      | Reached XP level 1. HP: 22/22 MP: 0/0
   193 | D:1      | Found Iholul's Vocational Training.
   203 | D:1      | Reached XP level 2. HP: 29/29 MP: 1/1
   256 | D:1      | Reached skill level 1 in Maces & Flails
  1052 | D:2      | Reached XP level 3. HP: 36/36 MP: 2/2
  1065 | D:2      | Found a bloodstained altar of Trog.
  1164 | D:2      | Reached ** piety under Trog
  1379 | D:2      | Identified the +1 ring mail "Xobour" {rC+ Int+5}
  1737 | D:3      | Found a faded altar of an unknown god.
  1762 | D:3      | Identified the +5 dagger of Duavuizus {venom, *Rage rPois
                  | rC- Int+6}
  1887 | D:3      | Reached skill level 1 in Throwing
  2038 | D:3      | Reached XP level 4. HP: 30/44 MP: 3/3
  2060 | D:3      | Found Passeh's Armour Shop.
  2305 | D:3      | Found a runed translucent door.
  2306 | D:3      | Noticed Crazy Yiuf
  2313 | D:3      | Killed Crazy Yiuf
  2314 | D:3      | Reached skill level 2 in Maces & Flails
  2314 | D:3      | Reached skill level 1 in Armour
  2371 | D:4      | Noticed an ogre
  2375 | D:4      | Killed an ogre
  2376 | D:4      | Reached XP level 5. HP: 53/53 MP: 4/4
  2504 | D:4      | You fall into a shaft and drop 1 floor!
  2504 | D:5      | Entered Level 5 of the Dungeon
  2607 | D:5      | Reached skill level 3 in Maces & Flails
  2607 | D:5      | Reached XP level 6. HP: 60/61 MP: 5/5
  2739 | D:4      | Reached *** piety under Trog
  2834 | D:4      | Noticed Duvessa
  2835 | D:4      | Noticed Dowan
  2844 | D:4      | Killed Duvessa
  2845 | D:4      | Reached XP level 7. HP: 67/67 MP: 6/6
  2845 | D:4      | Killed Dowan
  3034 | D:4      | Reached skill level 1 in Evocations
  3041 | D:4      | Reached skill level 4 in Maces & Flails
  3965 | D:6      | Found a broken altar of Ashenzari.
  3973 | D:6      | Noticed Menkaure
  3981 | D:6      | Killed Menkaure
  3982 | D:6      | Reached XP level 8. HP: 64/78 MP: 7/7
  4020 | D:6      | Found a shimmering altar of Xom.
  4026 | D:6      | Found a blossoming altar of Fedhas.
  4029 | D:6      | Found a sacrificial altar of Ru.
  4091 | D:6      | Found an opulent altar of Gozag.
  4095 | D:6      | Found a basalt altar of Yredelemnul.
  4282 | D:6      | Identified the +5 mace of the Spinneret {venom, Fly rElec
                  | Str+5 Dex-5}
  4335 | D:6      | Reached skill level 5 in Maces & Flails
  4635 | D:6      | Found a staircase to the Ecumenical Temple.
  5228 | D:7      | Found a glowing golden altar of the Shining One.
  5330 | D:7      | Noticed Pikel
  5338 | D:7      | Killed Pikel
  5339 | D:7      | Reached skill level 6 in Maces & Flails
  5339 | D:7      | Reached XP level 9. HP: 76/85 MP: 8/8
  5897 | D:8      | Reached skill level 5 in Fighting
  6544 | D:9      | Reached skill level 7 in Maces & Flails
  6854 | D:9      | Noticed a troll
  6976 | D:9      | Killed a troll
  6977 | D:9      | Reached skill level 5 in Throwing
  7292 | D:10     | Entered Level 10 of the Dungeon
  7349 | D:10     | Reached XP level 10. HP: 92/98 MP: 9/9
  7374 | D:10     | Reached skill level 8 in Maces & Flails
  7397 | D:10     | Reached **** piety under Trog
  7478 | D:10     | Noticed a two-headed ogre
  7489 | D:10     | Killed a two-headed ogre
  7910 | D:10     | Found a staircase to the Orcish Mines.
  7932 | D:10     | Slain by a vampire

Illustrated notes

Levels and vault maps discovered:
D:1:      minmay_arrival_four_loops, layout_basic, nicolae_shop_vocational
D:2:      layout_loops_ring, basic_altar
D:3:      layout_basic, shapermc_ecumenical_altar_totnotflames, serial_shops,
          shop, uniq_crazy_yiuf_cottage
D:4:      layout_loops_ring, uniq_duvessa
D:5:      layout_rooms
D:6:      layout_loops_cross, nicolae_overflow_hallway_of_the_gods,
          minmay_temple_entry_nine_rooms, kennysheep_generic_room_10,
          uniq_menkaure
D:7:      layout_basic, tso_oasis_becter, nicolae_zen_rock_garden, uniq_pikel
D:8:      layout_gridville, serial_bayou, serial_bayou_pond_c,
          serial_bayou_lagoon_a, serial_bayou_shore_b, serial_bayou_pond_c
D:9:      layout_loops_cross, serial_rivers, chequers_serial_rivers_micro_e,
          chequers_serial_rivers_room_a, chequers_serial_rivers_large_a,
          chequers_serial_rivers_micro_c, serial_park_tiny_1
D:10:     nicolae_cairo_tiling_very_big, layout_basic,
          erik_lair_orcish_takeover, david_orc_5, serial_shops,
          nicolae_shop_bloodbath_and_beyond, special_room [special_room_orc],
          kennysheep_generic_room_4

Skill      XL: |  1  2  3  4  5  6  7  8  9 10 |
---------------+-------------------------------+-----
Maces & Flails | 1 2 3 4 6 7 8 |  8.0
Throwing       | 1 2 4 5 6 |  6.0
Armour         | 1 2 3 4 |  4.0
Fighting       | 3 4 5 7 |  7.8
Dodging        | 3 4 |  4.0
Evocations     | 2 3 |  3.0
Shields        | |  0.8
Unarmed Combat | |  3.0

Action                   |  1- 3 |  4- 6 |  7- 9 | 10-12 || total
-------------------------+-------+-------+-------+-------++-------
Melee: Unarmed           |   145 |   113 |   109 |       ||   367
       Punch             |     2 |     2 |     5 |     1 ||    10
       Mace              |       |       |   155 |    91 ||   246
Throw: Stone             |       |       |    54 |       ||    54
       Dart              |       |       |       |    18 ||    18
       Javelin           |       |       |       |     3 ||     3
Invok: Berserk           |       |     5 |     6 |     5 ||    16
       Trog's Hand       |       |     2 |     1 |     2 ||     5
Evoke: Wand              |       |     1 |     1 |     8 ||    10
  Use: Scroll            |     4 |     5 |       |     4 ||    13
       Potion            |       |       |       |     1 ||     1
 Stab: Sleeping          |       |       |       |     1 ||     1
Armor: Animal skin       |    44 |    27 |    83 |       ||   154
       Steam dragon scal |       |       |    18 |    41 ||    59
Dodge: Dodged            |    62 |    67 |   128 |    62 ||   319

Table legend: (Time is in decaauts)
 A = Elapsed time spent in this place.
 B = Non-inter-level travel time spent in this place.
 C = Inter-level travel time spent in this place.
 D = Time resting spent in this place.
 E = Time spent auto-exploring this place.
 F = Levels seen in this place.
 G = Mean time per level.
                   A        B        C        D        E       F      G
               +--------+--------+--------+--------+--------+-----+--------+
         Total |   8036 |   7574 |    462 |    441 |   5692 |  10 |  803.6 |
       Dungeon |   8036 |   7574 |    462 |    441 |   5692 |  10 |  803.6 |
               +--------+--------+--------+--------+--------+-----+--------+

Top non-repeatable levels by time:
     D:1: 1013 daAuts
     D:6: 954 daAuts
     D:4: 926 daAuts
     D:8: 910 daAuts
     D:7: 836 daAuts
     D:9: 723 daAuts
     D:3: 688 daAuts
     D:2: 679 daAuts
    D:10: 661 daAuts
     D:5: 643 daAuts
